TOP OF THE 1ST |
Lannister United Lionhearts batting - Pitching for Casper Ghosts : RHP Kris Daniel
|
Pitching: RHP Kris Daniel
|
|
Batting: LHB Gabriel Córdova
|
0-0: Called Strike 0-1: Swinging Strike 0-2: Ball 1-2: Fly out, F8 (Flyball, 8LM)
|
Batting: RHB Javier Chávez
|
0-0: Ground out 5-3 (Groundball, 5S)
|
Batting: RHB Curt Johnston
|
0-0: Foul Ball, location: 2F 0-1: Ball 1-1: Foul Ball, location: 2F 1-2: Ball 2-2: Foul Ball, location: 2F 2-2: Fly out, F7 (Flyball, 7D)
|
Top of the 1st over - 0 run(s), 0 hit(s), 0 error(s), 0 left on base; Lannister United 0 - Casper 0 |
BOTTOM OF THE 1ST |
Casper Ghosts batting - Pitching for Lannister United Lionhearts : RHP Edward Whipp
|
Pitching: RHP Edward Whipp
|
|
Batting: LHB Harrison Jones
|
0-0: Foul Ball, location: 2F 0-1: Ball 1-1: Fly out, F8 (Line Drive, 8LM)
|
Batting: SHB Alonso Rodríguez
|
0-0: Foul Ball, location: 2F 0-1: Foul Ball, location: 2F 0-2: Ball 1-2: Strikes out swinging
|
Batting: RHB Lorenzo Díaz
|
0-0: Called Strike 0-1: Swinging Strike 0-2: Ground out 6-3 (Groundball, 6M)
|
Bottom of the 1st over - 0 run(s), 0 hit(s), 0 error(s), 0 left on base; Lannister United 0 - Casper 0 |
TOP OF THE 2ND |
Lannister United Lionhearts batting - Pitching for Casper Ghosts : RHP Kris Daniel
|
Batting: LHB Kenko Ueda
|
0-0: Called Strike 0-1: Ball 1-1: Ball 2-1: Foul Ball, location: 2F 2-2: Foul Ball, location: 2F 2-2: SINGLE (Groundball, 34D)
|
Batting: LHB Jorge Garza
|
0-0: Ball 1-0: Foul Ball, location: 2F 1-1: Foul Ball, location: 2F 1-2: Grounds into double play, 3-6-3 (Groundball, 3)
|
Batting: LHB Aurelio Aurillo
|
0-0: Foul Ball, location: 2F 0-1: Ball 1-1: Swinging Strike 1-2: Foul Ball, location: 2F 1-2: Ball 2-2: Strikes out looking
|
Top of the 2nd over - 0 run(s), 1 hit(s), 0 error(s), 0 left on base; Lannister United 0 - Casper 0 |
BOTTOM OF THE 2ND |
Casper Ghosts batting - Pitching for Lannister United Lionhearts : RHP Edward Whipp
|
Batting: RHB Phil Baker
|
0-0: Foul Ball, location: 2F 0-1: Ball 1-1: Ball 2-1: Foul Ball, location: 2F 2-2: Strikes out looking
|
Batting: SHB José Juárez
|
0-0: Foul Ball, location: 2F 0-1: Ball 1-1: Called Strike 1-2: Hit by Pitch
|
Batting: RHB Mark Davis
|
0-0: Ball 1-0: Fly out, F7 (Line Drive, 7LM)
|
Batting: RHB Dave Young
|
0-0: Called Strike 0-1: Hit by Pitch José Juárez to second
|
Batting: RHB Juan García
|
0-0: Called Strike 0-1: Fielders Choice at 2nd, U6 (Groundball, 6M)
|
Bottom of the 2nd over - 0 run(s), 0 hit(s), 0 error(s), 2 left on base; Lannister United 0 - Casper 0 |
TOP OF THE 3RD |
Lannister United Lionhearts batting - Pitching for Casper Ghosts : RHP Kris Daniel
|
Batting: RHB Carlos Pacheco
|
0-0: Called Strike 0-1: Ball 1-1: Ball 2-1: Foul Ball, location: 2F 2-2: Ball 3-2: Strikes out swinging
|
Batting: RHB Pedro Herrera
|
0-0: Fly out, F8 (Flyball, 8RXD)
|
Batting: RHB José Cruz
|
0-0: Called Strike 0-1: Swinging Strike 0-2: Ball 1-2: Fly out, F6 (Popup, 56D)
|
Top of the 3rd over - 0 run(s), 0 hit(s), 0 error(s), 0 left on base; Lannister United 0 - Casper 0 |
BOTTOM OF THE 3RD |
Casper Ghosts batting - Pitching for Lannister United Lionhearts : RHP Edward Whipp
|
Batting: RHB Warner Robinson
|
0-0: Ball 1-0: Called Strike 1-1: Bunted foul 1-2: Ball 2-2: Ball 3-2: Base on Balls
|
Batting: LHB Harrison Jones
|
0-0: Ball 1-0: Called Strike 1-1: Foul Ball, location: 2F 1-2: Fielders Choice at 2nd, 4-6 (Groundball, 34)
|
Batting: SHB Alonso Rodríguez
|
0-0: Foul Ball, location: 2F 0-1: Ball 1-1: Ball 2-1: Called Strike 2-2: SINGLE (Groundball, 56D) Harrison Jones to second
|
Batting: RHB Lorenzo Díaz
|
0-0: Called Strike 0-1: Called Strike 0-2: Ground out 4-3 (Groundball, 13) Harrison Jones to third Alonso Rodríguez to second
|
Batting: RHB Phil Baker
|
0-0: Ball 1-0: Called Strike 1-1: Ball 2-1: Foul Ball, location: 2F 2-2: Ball 3-2: Base on Balls
|
Batting: SHB José Juárez
|
0-0: Ball 1-0: Ball 2-0: Ball Wild Pitch! Harrison Jones scores Alonso Rodríguez to third Phil Baker to second 3-0: Called Strike 3-1: Fly out, F5 (Popup, 5S)
|
Bottom of the 3rd over - 1 run(s), 1 hit(s), 0 error(s), 2 left on base; Lannister United 0 - Casper 1 |
TOP OF THE 4TH |
Lannister United Lionhearts batting - Pitching for Casper Ghosts : RHP Kris Daniel
|
Batting: LHB Gabriel Córdova
|
0-0: Ball 1-0: Called Strike 1-1: Ball 2-1: Swinging Strike 2-2: Ball 3-2: Foul Ball, location: 2F 3-2: DOUBLE (Flyball, 78D)
|
Batting: RHB Javier Chávez
|
0-0: Ball 1-0: Called Strike 1-1: Ball 2-1: Foul Ball, location: 2F 2-2: Reached on error, E6 (Groundball, 6M) Gabriel Córdova to third
|
Batting: RHB Curt Johnston
|
0-0: Grounds into double play, 4-6-3 (Groundball, 4) Gabriel Córdova scores
|
Batting: LHB Kenko Ueda
|
0-0: Swinging Strike 0-1: Foul Ball, location: 2F 0-2: Ball 1-2: Strikes out swinging
|
Top of the 4th over - 1 run(s), 1 hit(s), 1 error(s), 0 left on base; Lannister United 1 - Casper 1 |
BOTTOM OF THE 4TH |
Casper Ghosts batting - Pitching for Lannister United Lionhearts : RHP Edward Whipp
|
Batting: RHB Mark Davis
|
0-0: Foul Ball, location: 2F 0-1: Ground out 5-3 (Groundball, 56)
|
Batting: RHB Dave Young
|
0-0: Swinging Strike 0-1: Fly out, F8 (Flyball, 8RS)
|
Batting: RHB Juan García
|
0-0: Swinging Strike 0-1: Ball 1-1: Called Strike 1-2: Foul Ball, location: 2F 1-2: Strikes out swinging
|
Bottom of the 4th over - 0 run(s), 0 hit(s), 0 error(s), 0 left on base; Lannister United 1 - Casper 1 |
TOP OF THE 5TH |
Lannister United Lionhearts batting - Pitching for Casper Ghosts : RHP Kris Daniel
|
Batting: LHB Jorge Garza
|
0-0: Ball 1-0: Fly out, F7 (Flyball, 7LM)
|
Batting: LHB Aurelio Aurillo
|
0-0: Ball 1-0: Ball 2-0: Ball 3-0: Called Strike 3-1: Swinging Strike 3-2: Strikes out swinging
|
Batting: RHB Carlos Pacheco
|
0-0: Ball 1-0: Ball 2-0: Swinging Strike 2-1: Foul Ball, location: 2F 2-2: Strikes out swinging
|
Top of the 5th over - 0 run(s), 0 hit(s), 0 error(s), 0 left on base; Lannister United 1 - Casper 1 |
BOTTOM OF THE 5TH |
Casper Ghosts batting - Pitching for Lannister United Lionhearts : RHP Edward Whipp
|
Batting: RHB Warner Robinson
|
0-0: Called Strike 0-1: Ball 1-1: Foul Ball, location: 2F 1-2: Ball 2-2: SINGLE (Line Drive, 7S)
|
Batting: LHB Harrison Jones
|
0-0: Sac Bunt - play at first, batter OUT! 1-3 Warner Robinson to second
|
Batting: SHB Alonso Rodríguez
|
0-0: Ball Warner Robinson is caught stealing 3rd base 1-0: Ball 2-0: Ball 3-0: Base on Balls
|
Batting: RHB Lorenzo Díaz
|
0-0: Fielders Choice at 2nd, 5-4 (Groundball, 56)
|
Bottom of the 5th over - 0 run(s), 1 hit(s), 0 error(s), 0 left on base; Lannister United 1 - Casper 1 |
TOP OF THE 6TH |
Lannister United Lionhearts batting - Pitching for Casper Ghosts : RHP Kris Daniel
|
Batting: RHB Pedro Herrera
|
0-0: Ball 1-0: SINGLE (Line Drive, 89M)
|
Batting: RHB José Cruz
|
0-0: Bunt missed! 0-1: Ball 1-1: Sac Bunt - play at first, batter OUT! 1-4 Pedro Herrera to second
|
Batting: LHB Gabriel Córdova
|
0-0: Ball 1-0: Foul Ball, location: 2F 1-1: SINGLE (Groundball, 56D) Pedro Herrera to third Throwing error, E7 Pedro Herrera scores Gabriel Córdova to second
|
Batting: RHB Javier Chávez
|
0-0: Called Strike 0-1: Swinging Strike 0-2: Reached on error, E4 (Groundball, 4) Gabriel Córdova to third
|
Batting: RHB Curt Johnston
|
0-0: Called Strike 0-1: Ball 1-1: Ball 2-1: Foul Ball, location: 2F 2-2: Fly out, F4 (Popup, 4MD)
|
Batting: LHB Kenko Ueda
|
0-0: Ground out 1-3 (Groundball, 13)
|
Top of the 6th over - 1 run(s), 2 hit(s), 2 error(s), 2 left on base; Lannister United 2 - Casper 1 |
BOTTOM OF THE 6TH |
Casper Ghosts batting - Pitching for Lannister United Lionhearts : RHP Edward Whipp
|
Batting: RHB Phil Baker
|
0-0: Called Strike 0-1: Ball 1-1: Ground out 6-3 (Groundball, 6M)
|
Batting: SHB José Juárez
|
0-0: Ball 1-0: Foul Ball, location: 2F 1-1: Swinging Strike 1-2: Ground out U3 (Groundball, 3)
|
Batting: RHB Mark Davis
|
0-0: Called Strike 0-1: Swinging Strike 0-2: Strikes out looking
|
Bottom of the 6th over - 0 run(s), 0 hit(s), 0 error(s), 0 left on base; Lannister United 2 - Casper 1 |
TOP OF THE 7TH |
Lannister United Lionhearts batting - Pitching for Casper Ghosts : RHP Kris Daniel
|
Batting: LHB Jorge Garza
|
0-0: Swinging Strike 0-1: Foul Ball, location: 2F 0-2: Ball 1-2: Ball 2-2: Ground out 4-3 (Groundball, 4)
|
Batting: LHB Aurelio Aurillo
|
0-0: Ball 1-0: Ball 2-0: SINGLE (Line Drive, 7LS)
|
Batting: RHB Carlos Pacheco
|
0-0: Called Strike 0-1: Ball 1-1: Ball 2-1: Ball 3-1: Called Strike 3-2: SINGLE (Groundball, 5D) Aurelio Aurillo to second Aurelio Aurillo to third
|
Pitching: LHP Ray Neely
|
|
Batting: RHB Pedro Herrera
|
0-0: Ball 1-0: Ball 2-0: Swinging Strike 2-1: Fly out, F9 (Flyball, 9M)
|
Batting: RHB José Cruz
|
0-0: Called Strike 0-1: Ball 1-1: SINGLE (Groundball, 6) Aurelio Aurillo scores Carlos Pacheco to second
|
Pinch Hitting: RHB Ray Porch
|
0-0: Called Strike 0-1: Ball 1-1: Ball 2-1: Ball 3-1: Base on Balls Carlos Pacheco to third José Cruz to second
|
Batting: RHB Javier Chávez
|
0-0: Called Strike 0-1: Ball 1-1: Foul Ball, location: 2F 1-2: SINGLE (Flyball, 8LS) Carlos Pacheco scores José Cruz to third Ray Porch to second Runner from 3rd tries for Home, SAFE, no throw or cutoff
|
Batting: RHB Curt Johnston
|
0-0: SINGLE (Line Drive, 7S) Ray Porch to third Javier Chávez to second
|
Batting: LHB Kenko Ueda
|
0-0: Ball 1-0: Foul Ball, location: 2F 1-1: Foul Ball, location: 2F 1-2: Foul Ball, location: 2F 1-2: Foul Ball, location: 2F 1-2: Ball 2-2: Ball 3-2: Base on Balls Ray Porch scores Javier Chávez to third Curt Johnston to second
|
Batting: LHB Jorge Garza
|
0-0: Called Strike 0-1: Ball 1-1: Ball 2-1: Foul Ball, location: 2F 2-2: Ball 3-2: Fly out, F7 (Flyball, 7M)
|
Top of the 7th over - 4 run(s), 5 hit(s), 0 error(s), 3 left on base; Lannister United 6 - Casper 1 |
BOTTOM OF THE 7TH |
Casper Ghosts batting - Pitching for Lannister United Lionhearts : RHP Edward Whipp
|
Now at 2B: Ray Porch
|
|
Batting: RHB Dave Young
|
0-0: Called Strike 0-1: Called Strike 0-2: Ground out 6-3 (Groundball, 6M)
|
Batting: RHB Juan García
|
0-0: Ball 1-0: DOUBLE (Line Drive, 9LM)
|
Batting: RHB Warner Robinson
|
0-0: Ball 1-0: Ball 2-0: Fly out, F9 (Flyball, 9LD) Runner from 2nd tags up, SAFE at 3rd, no throw
|
Pitching: LHP Manuel Franco
|
|
Batting: LHB Harrison Jones
|
0-0: Called Strike 0-1: Called Strike 0-2: Foul Ball, location: 2F 0-2: Strikes out swinging
|
Bottom of the 7th over - 0 run(s), 1 hit(s), 0 error(s), 1 left on base; Lannister United 6 - Casper 1 |
TOP OF THE 8TH |
Lannister United Lionhearts batting - Pitching for Casper Ghosts : LHP Ray Neely
|
Batting: LHB Aurelio Aurillo
|
0-0: Ball 1-0: Foul Ball, location: 2F 1-1: Swinging Strike 1-2: Ball 2-2: Foul Ball, location: 2F 2-2: Strikes out swinging
|
Batting: RHB Carlos Pacheco
|
0-0: Called Strike 0-1: Ball 1-1: Ball 2-1: Ball 3-1: Foul Ball, location: 2F 3-2: Strikes out swinging
|
Batting: RHB Pedro Herrera
|
0-0: Ball 1-0: Ball 2-0: Ground out 1-3 (Groundball, 15S)
|
Top of the 8th over - 0 run(s), 0 hit(s), 0 error(s), 0 left on base; Lannister United 6 - Casper 1 |
BOTTOM OF THE 8TH |
Casper Ghosts batting - Pitching for Lannister United Lionhearts : LHP Manuel Franco
|
Now at 1B: Cale Beazley
|
|
Batting: SHB Alonso Rodríguez
|
0-0: DOUBLE (Flyball, 89XD)
|
Batting: RHB Lorenzo Díaz
|
0-0: Called Strike 0-1: SINGLE (Groundball, 56D) Alonso Rodríguez to third
|
Batting: RHB Phil Baker
|
0-0: Ball 1-0: Called Strike 1-1: Grounds into double play, 6-4-3 (Groundball, 6M) Alonso Rodríguez scores
|
Batting: SHB José Juárez
|
0-0: Ground out 4-3 (Groundball, 4)
|
Bottom of the 8th over - 1 run(s), 2 hit(s), 0 error(s), 0 left on base; Lannister United 6 - Casper 2 |
TOP OF THE 9TH |
Lannister United Lionhearts batting - Pitching for Casper Ghosts : LHP Ray Neely
|
Batting: RHB José Cruz
|
0-0: Ball 1-0: Foul Ball, location: 2F 1-1: Ball 2-1: Foul Ball, location: 2F 2-2: Ball 3-2: Foul Ball, location: 2F 3-2: DOUBLE (Line Drive, 5L)
|
Batting: RHB Ray Porch
|
0-0: Fly out, F9 (Flyball, 89M)
|
Batting: RHB Javier Chávez
|
0-0: Intentional Walk
|
Batting: RHB Curt Johnston
|
0-0: Called Strike 0-1: Ball 1-1: Ball 2-1: Foul Ball, location: 2F 2-2: Ball 3-2: Foul Ball, location: 2F 3-2: Strikes out swinging
|
Batting: LHB Kenko Ueda
|
0-0: Swinging Strike 0-1: Foul Ball, location: 2F 0-2: Foul Ball, location: 2F 0-2: Foul Ball, location: 2F 0-2: Ball 1-2: Strikes out swinging
|
Top of the 9th over - 0 run(s), 1 hit(s), 0 error(s), 2 left on base; Lannister United 6 - Casper 2 |
BOTTOM OF THE 9TH |
Casper Ghosts batting - Pitching for Lannister United Lionhearts : LHP Manuel Franco
|
Batting: RHB Mark Davis
|
0-0: Foul Ball, location: 2F 0-1: Swinging Strike 0-2: Ball 1-2: Foul Ball, location: 2F 1-2: Ball 2-2: SOLO HOME RUN (Flyball, 7D), Distance : 399 ft
|
Pitching: RHP Ryan Bentley
|
|
Batting: RHB Dave Young
|
0-0: Foul Ball, location: 2F 0-1: Ball 1-1: Fly out, F8 (Flyball, 8RS)
|
Batting: RHB Juan García
|
0-0: Ball 1-0: Called Strike 1-1: Bunted foul 1-2: Ball 2-2: Fly out, F7 (Flyball, 7LM)
|
Batting: RHB Warner Robinson
|
0-0: Ball 1-0: Fly out, F9 (Flyball, 9LD)
|
Bottom of the 9th over - 1 run(s), 1 hit(s), 0 error(s), 0 left on base; Lannister United 6 - Casper 3 |
|